General information
- name: mata
- type: Custom game
- host: ScenicWorld
- saver: ScenicWorld
map: EchoIsles
- players: 3
- length: 11:09
- speed: Fast
- version: 1.23 W3XP
- replay type: Public
» download(54 KB)
Players
team 1 (winner)

»
ScenicWorld (
red | 187 APM | 2088 actions | 11:09)
3 Demon Hunter
2 Mana Burn
1 Evasion
1 Naga Sea Witch
1 Frost Arrows
» actions
| Assign group hotkey | 194 | |
| Basic commands | 8 | |
| Build / train | 48 | |
| ESC pressed | 1 | |
| Enter build submenu | 15 | |
| Enter hero's abilities submenu | 4 | |
| Give item / drop item | 3 | |
| Remove unit from queue | 6 | |
| Right click | 1016 | |
| Select / deselect | 475 | |
| Select group hotkey | 256 | |
| Use ability | 62 | |
2088 total
» units
| Wisp | 7 | |
| Archer | 7 | |
| Hippogryph | 1 | |
| Druid of the Talon | 8 | |
23 total
» upgrades
| Druid of the Talon Training | 2 | |
2 total
» buildings
| Altar of Elders | 2 | |
| Moon Well | 4 | |
| Ancient of War | 2 | |
| Tree of Ages | 2 | |
| Ancient of Wind | 4 | |
| Ancient of Wonders | 2 | |
| Tree of Eternity | 2 | |
18 total
» build order
00:04 Altar of Elders
00:06 Altar of Elders
00:16 Moon Well
00:46 Ancient of War
00:48 Ancient of War
01:34 Moon Well
02:39 Tree of Ages
02:39 Tree of Ages
03:06 Moon Well
05:04 Ancient of Wind
05:04 Ancient of Wind
05:05 Ancient of Wind
05:06 Ancient of Wind
05:26 Ancient of Wonders
05:27 Ancient of Wonders
05:42 Moon Well
07:13 Tree of Eternity
07:13 Tree of Eternity
» items
| Scroll of Town Portal | 1 | |
| Staff of Preservation | 1 | |
2 total
team 2 (loser)
RoganJosh.Yum (
purple | 158 APM | 1758 actions | 11:08)
4 Blademaster
2 Wind Walk
2 Critical Strike
1 Shadow Hunter
1 Hex
» actions
| Assign group hotkey | 113 | |
| Basic commands | 15 | |
| Build / train | 59 | |
| Enter build submenu | 14 | |
| Enter hero's abilities submenu | 5 | |
| Give item / drop item | 1 | |
| Right click | 875 | |
| Select / deselect | 233 | |
| Select group hotkey | 368 | |
| Use ability | 75 | |
1758 total
» units
| Peon | 9 | |
| Grunt | 6 | |
| Raider | 5 | |
| Spirit Walker | 1 | |
21 total
» upgrades
| Berserker Strength | 1 | |
| Ensnare | 1 | |
| Spirit Walker Training | 1 | |
3 total
» buildings
| Altar of Storms | 1 | |
| Orc Burrow | 4 | |
| Barracks | 1 | |
| Voodoo Lounge | 1 | |
| Stronghold | 3 | |
| Beastiary | 1 | |
| Spirit Lodge | 1 | |
12 total
» build order
00:07 Altar of Storms
00:11 Orc Burrow
00:28 Barracks
01:43 Orc Burrow
02:04 Voodoo Lounge
03:02 Stronghold
03:02 Stronghold
05:00 Orc Burrow
05:34 Beastiary
05:39 Spirit Lodge
07:22 Orc Burrow
» items
| Healing Salve | 2 | |
| Lesser Clarity Potion | 5 | |
| Scroll of Speed | 4 | |
| Circlet of Nobility | 1 | |
| Boots of Speed | 2 | |
| Claws of Attack +6 | 1 | |
| Potion of Healing | 2 | |
| Potion of Mana | 1 | |
18 total
refereesTIMG4STRok Chat log
(02:35 / All) RoganJosh.Yum: Tim's Tips.txt
(04:50 / All) ScenicWorld: lol oops
(04:57 / All) TIMG4STRok: did you try to tp lmao
(04:59 / All) ScenicWorld: yea
(11:08 / All) RoganJosh.Yum: gg